 Dungeon Crawl Stone Soup version 0.21.1-1-g345015f (webtiles) character file.

2258 ninurtach the Thaumaturge (level 9, -5/65 HPs)
             Began as a Gnoll Wizard on May 15, 2018.
             Was an Initiate of Ashenzari.
             Killed from afar by a hell hound (25 damage)
             ... with a blast of flame
             ... on level 8 of the Dungeon.
             The game lasted 00:30:21 (13076 turns).

ninurtach the Thaumaturge (Gnoll Wizard)           Turns: 13076, Time: 00:30:22

Health: -5/65      AC:  5    Str: 10    XL:     9   Next: 38%
Magic:  10/21      EV: 15    Int: 23    God:    Ashenzari [......]
Gold:   216        SH:  0    Dex: 14    Spells: 13/24 levels left

rFire    . . .     SeeInvis .   g - +0 spear
rCold    . . .     Gourm    .   (no shield)
rNeg     . . .     Faith    .   y - +1 robe {MR+}
rPois    .         Spirit   .   b - +0 hat
rElec    .         Reflect  .   s - +0 cloak
rCorr    .         Harm     .   h - +0 pair of gloves
MR       +....                  (no boots)
Stlth    +++.......             (no amulet)
HPRegen  0.20/turn              u - +3 ring of slaying
MPRegen  0.17/turn              A - ring of wizardry (curse)

@: no status effects
A: distributed training, fangs 1, strong nose
a: Curse Item, Renounce Religion


You were on level 8 of the Dungeon.
You worshipped Ashenzari.
Ashenzari was noncommittal.
You were hungry.

You visited 2 branches of the dungeon, and saw 9 of its levels.

You collected 261 gold pieces.
You spent 45 gold pieces at shops.

Inventory:

Hand Weapons
 g - a +0 spear (weapon)
Missiles
 w - 4 throwing nets (quivered)
Armour
 b - a +0 hat (worn)
 h - a +0 pair of gloves (worn)
 s - a +0 cloak (worn)
 y - a +1 robe of magic resistance (worn)
 I - a scarf of cloud immunity
Jewellery
 u - a +3 ring of slaying (left hand)
 A - a cursed ring of wizardry (right hand)
 C - an uncursed ring of resist corrosion
Wands
 m - a wand of paralysis (30)
 F - a wand of polymorph (14)
 G - a wand of digging (3)
Scrolls
 e - a scroll of magic mapping
 f - 3 scrolls of amnesia {unknown}
 o - 3 scrolls of blinking
 r - 8 scrolls of teleportation
 x - 2 scrolls of identify
 B - 3 scrolls of vulnerability {unknown}
 D - a scroll of noise {unknown}
Potions
 a - a potion of berserk rage {unknown}
 i - a potion of resistance
 j - a potion of curing
 k - a potion of heal wounds
 l - a potion of might {unknown}
 n - a potion of mutation {unknown}
 p - 2 potions of agility
 q - 2 potions of cancellation {unknown}
 t - 2 potions of flight {unknown}
 v - a potion of haste {unknown}
 z - a potion of invisibility {unknown}
Books
 c - a book of Minor Magic

   Spells                             Type                      Level
   a - Magic Dart                     Conjuration                  1
   b - Blink                          Translocation                2
   c - Call Imp                       Summoning                    2
   d - Slow                           Hexes                        2
   e - Conjure Flame                  Conjuration/Fire             3
   f - Mephitic Cloud                 Conjuration/Poison/Air       3
 E - a book of Conjurations

   Spells                             Type                      Level
   a - Magic Dart                     Conjuration                  1
   b - Searing Ray                    Conjuration                  2
   c - Dazzling Spray                 Conjuration/Hexes            3
   d - Fulminant Prism                Conjuration/Hexes            4
   e - Force Lance                    Conjuration/Translocation    4
   f - Iskenderun's Mystic Blast      Conjuration                  4
Comestibles
 d - 7 rations
 H - 3 chunks of flesh


   Skills:
 + Level 4.1 Fighting
 + Level 4.1 Short Blades
 + Level 4.1 Long Blades
 + Level 4.1 Axes
 + Level 4.1 Maces & Flails
 + Level 4.1 Polearms
 + Level 4.1 Staves
 + Level 4.1 Slings
 + Level 4.1 Bows
 + Level 4.1 Crossbows
 + Level 4.1 Throwing
 + Level 4.1 Armour
 + Level 6.2 Dodging
 + Level 5.9 Stealth
 + Level 4.1 Shields
 + Level 4.1 Unarmed Combat
 + Level 8.3 Spellcasting
 + Level 4.0 Conjurations
 + Level 3.3 Hexes
 + Level 3.3 Charms
 + Level 4.0 Summonings
 + Level 3.3 Necromancy
 + Level 4.0 Translocations
 + Level 3.3 Transmutations
 + Level 3.3 Fire Magic
 + Level 3.3 Ice Magic
 + Level 3.3 Air Magic
 + Level 3.3 Earth Magic
 + Level 3.3 Poison Magic
 + Level 4.5 Invocations
 + Level 4.1 Evocations


You had 13 spell levels left.
You knew the following spells:

 Your Spells              Type           Power        Failure   Level  Hunger
a - Magic Dart            Conj           ####         1%          1    None
b - Blink                 Tloc           N/A          1%          2    None
c - Call Imp              Summ           ####....     1%          2    None
d - Conjure Flame         Conj/Fire      ####....     1%          3    None
e - Mephitic Cloud        Conj/Pois/Air  ####....     1%          3    None


Dungeon Overview and Level Annotations

Branches:
Dungeon (8/15)             Temple (1/1) D:7            Lair (0/6) D:8

Altars:
Ashenzari
Cheibriados
Dithmenos
Kikubaaqudgha
Qazlal
Ru
Sif Muna
Uskayaw
Wu Jian
Xom
The Shining One

Shops:
D:5 ?   D:6 [


Innate Abilities, Weirdness & Mutations

Your experience applies equally to all skills.
You have very sharp teeth.
Your uncanny sense of smell can sniff out nearby items.


Message History

You're too confused!
Unknown command.
You feel less confused. The hell hound misses you.
The hell hound completely misses you. The hell hound breathes flames at you.
The blast of flame hits you!
* * * LOW HITPOINT WARNING * * *
You take 18 damage, and have 18/65 hp.
MASSIVE DAMAGE!!
You swap places.
The hell hound barely misses your crimson imp.
The hell hound bites your crimson imp.
The hell hound barely misses your crimson imp.
The hell hound barely misses your crimson imp.
The hell hound bites your crimson imp.
Your crimson imp blinks!
There is an open door here.
The hell hound breathes flames at you. The blast of flame hits you!
You die...

#..#####.# ##....§.....÷#
#........# #...§≈≈.....#
#.#..#########
###.≈.§≈≈≈...#
##..........
...≈≈..≈≈≈..# #.(.....##
##..§§.§.≈.§.# ##.._...#
#..≈§≈§≈≈≈...
#.....#######...≈§§§≈§§..
#..........##....≈§.≈....
####.#..@h.###...........
#.......'.........#...
###.....####..###.#...
####### ##.# #.#... #.#
#.#... #.###.....
#..##.#... ##.#..#...
#).#.#y..


You could see a hell hound.

Vanquished Creatures
  A hungry ghost (D:6)
  A water moccasin (D:7)
  An orc warrior (D:7)
  A sky beast (D:8)
  A black bear (D:7)
  An ice beast (D:7)
  An ogre (D:5)
  A centaur (D:8)
  The ghost of p0werm0de the Insei, an amateur OpGl (D:3)
  A big kobold (D:7)
  A bullfrog (D:6)
  A gnoll sergeant (D:8)
  A wyvern zombie (D:6)
  A scorpion (D:7)
  3 killer bees (D:8)
  A howler monkey (D:4)
  A crimson imp (D:7)
  2 hounds (D:7)
  2 jellies
  4 orc wizards
  4 orc priests
  3 iguanas
  A worker ant zombie (D:5)
  A howler monkey skeleton (D:5)
  10 gnolls
  3 adders
  A shadow imp (D:5)
  2 oozes
  An adder skeleton (D:4)
  3 worms
  3 dart slugs
  2 leopard geckos
  18 orcs
  6 bats
  10 giant cockroaches
  5 goblins
  12 hobgoblins
  6 jackals
  7 kobolds
  4 quokkas
  2 ball pythons
  6 frilled lizards
  A jackal skeleton (D:4)
  A leopard gecko skeleton (D:5)
  7 rats
146 creatures vanquished.

Vanquished Creatures (collateral kills)
  A hell hound (D:8)
  An ice beast (D:7)
  An ogre (D:4)
  2 killer bees (D:8)
  An orc wizard (D:3)
  2 gnolls
  2 adders (D:2)
  A worm (D:2)
  An orc (D:8)
  A giant cockroach (D:4)
13 creatures vanquished.

Grand Total: 159 creatures vanquished

Notes
Turn   | Place    | Note
-------+----------+-------------------------------------------
     0 | D:1      | ninurtach the Gnoll Wizard began the quest for the Orb.
     0 | D:1      | Reached XP level 1. HP: 13/13 MP: 8/8
   375 | D:1      | Reached XP level 2. HP: 11/19 MP: 7/10
   600 | D:1      | Learned a level 2 spell: Blink
   603 | D:1      | Learned a level 2 spell: Call Imp
   953 | D:1      | Reached XP level 3. HP: 25/25 MP: 11/11
  1446 | D:1      | Learned a level 3 spell: Conjure Flame
  1450 | D:1      | Learned a level 3 spell: Mephitic Cloud
  1498 | D:2      | Reached skill level 1 in Invocations
  1998 | D:2      | Reached skill level 1 in Fighting
  1998 | D:2      | Reached skill level 1 in Short Blades
  1998 | D:2      | Reached skill level 1 in Long Blades
  1998 | D:2      | Reached skill level 1 in Axes
  1998 | D:2      | Reached skill level 1 in Maces & Flails
  1998 | D:2      | Reached skill level 1 in Polearms
  1998 | D:2      | Reached skill level 1 in Staves
  1998 | D:2      | Reached skill level 1 in Slings
  1998 | D:2      | Reached skill level 1 in Bows
  1998 | D:2      | Reached skill level 1 in Crossbows
  1998 | D:2      | Reached skill level 1 in Throwing
  1998 | D:2      | Reached skill level 1 in Armour
  1998 | D:2      | Reached skill level 1 in Shields
  1998 | D:2      | Reached skill level 1 in Unarmed Combat
  1998 | D:2      | Reached skill level 1 in Evocations
  2031 | D:2      | Reached XP level 4. HP: 32/32 MP: 8/13
  3198 | D:2      | Found a deep blue altar of Sif Muna.
  3201 | D:2      | Found a glowing golden altar of the Shining One.
  3208 | D:2      | Reached skill level 1 in Hexes
  3208 | D:2      | Reached skill level 1 in Charms
  3208 | D:2      | Reached skill level 1 in Necromancy
  3208 | D:2      | Reached skill level 1 in Transmutations
  3208 | D:2      | Reached skill level 1 in Fire Magic
  3208 | D:2      | Reached skill level 1 in Ice Magic
  3208 | D:2      | Reached skill level 1 in Air Magic
  3208 | D:2      | Reached skill level 1 in Earth Magic
  3208 | D:2      | Reached skill level 1 in Poison Magic
  3349 | D:3      | Noticed p0werm0de's ghost (amateur OpGl)
  3530 | D:3      | Reached XP level 5. HP: 37/37 MP: 3/14
  4077 | D:3      | Killed p0werm0de's ghost
  4851 | D:3      | Found a sacrificial altar of Ru.
  4851 | D:3      | Found a stormy altar of Qazlal.
  4872 | D:4      | Noticed an ogre
  4884 | D:4      | Killed an ogre
  4884 | D:4      | Reached XP level 6. HP: 44/44 MP: 3/16
  5112 | D:4      | Reached skill level 5 in Dodging
  5857 | D:4      | Reached XP level 7. HP: 50/50 MP: 12/18
  6007 | D:4      | Found a hide-covered altar of Uskayaw.
  6008 | D:4      | Noticed a dagger
  6008 | D:4      | Noticed a hand axe
  6419 | D:5      | Entered Level 5 of the Dungeon
  6419 | D:5      | Found Qutwog's Magic Scroll Shoppe.
  6431 | D:5      | Bought a scroll of magic mapping for 45 gold pieces
  7786 | D:6      | Reached skill level 5 in Stealth
  8056 | D:6      | Noticed a hungry ghost
  8662 | D:6      | Killed a hungry ghost
  8872 | D:6      | Reached XP level 8. HP: 57/57 MP: 15/19
  9714 | D:6      | Found Ychithrekk's Antique Armour Shoppe.
 10081 | D:7      | Found an ornate altar of the Wu Jian Council.
 10459 | D:6      | Reached skill level 8 in Spellcasting
 10875 | D:7      | Found a staircase to the Ecumenical Temple.
 10907 | Temple   | Entered the Ecumenical Temple
 11072 | Temple   | Became a worshipper of Ashenzari the Shackled
 11324 | D:7      | Reached XP level 9. HP: 49/65 MP: 19/21
 12752 | D:8      | Found a staircase to the Lair.
 12835 | D:8      | Found a shadowy altar of Dithmenos.
 13076 | D:8      | Killed from afar by a hell hound

Skill      XL: |  1  2  3  4  5  6  7  8  9 |
---------------+----------------------------+-----
Conjurations   | 2 3 4 |  4.0
Summonings     | 2 3 4 |  4.0
Translocations | 2 3 4 |  4.0
Invocations    | 1 2 3 4 |  4.5
Fighting       | 1 2 3 4 |  4.1
Short Blades   | 1 2 3 4 |  4.1
Long Blades    | 1 2 3 4 |  4.1
Axes           | 1 2 3 4 |  4.1
Maces & Flails | 1 2 3 4 |  4.1
Polearms       | 1 2 3 4 |  4.1
Staves         | 1 2 3 4 |  4.1
Slings         | 1 2 3 4 |  4.1
Bows           | 1 2 3 4 |  4.1
Crossbows      | 1 2 3 4 |  4.1
Throwing       | 1 2 3 4 |  4.1
Armour         | 1 2 3 4 |  4.1
Shields        | 1 2 3 4 |  4.1
Unarmed Combat | 1 2 3 4 |  4.1
Evocations     | 1 2 3 4 |  4.1
Hexes          | 1 2 3 |  3.3
Charms         | 1 2 3 |  3.3
Necromancy     | 1 2 3 |  3.3
Transmutations | 1 2 3 |  3.3
Fire Magic     | 1 2 3 |  3.3
Ice Magic      | 1 2 3 |  3.3
Air Magic      | 1 2 3 |  3.3
Earth Magic    | 1 2 3 |  3.3
Poison Magic   | 1 2 3 |  3.3
Dodging        | 5 6 |  6.2
Stealth        | 5 |  5.9
Spellcasting   | 8 |  8.3

Action                   |  1- 3 |  4- 6 |  7- 9 || total
-------------------------+-------+-------+-------++-------
Melee: Spear             |    78 |    89 |   261 ||   428
       Unarmed           |     7 |       |       ||     7
       Bite              |     5 |     5 |    25 ||    35
       Punch             |       |       |     1 ||     1
 Cast: Magic Dart        |    38 |    91 |   178 ||   307
       Call Imp          |     2 |    11 |    11 ||    24
       Mephitic Cloud    |       |     6 |    15 ||    21
       Blink             |       |     1 |     6 ||     7
       Conjure Flame     |       |       |     1 ||     1
Invok: Curse Item        |       |       |     1 ||     1
  Use: Scroll            |       |     5 |     6 ||    11
       Potion            |       |       |     2 ||     2
 Stab: Sleeping          |     6 |     2 |     4 ||    12
       Distracted        |       |     1 |     1 ||     2
       Confused          |       |     1 |       ||     1
  Eat: Chunk             |     3 |    11 |    20 ||    34
       Ration            |       |       |     2 ||     2
Armor: Robe              |    13 |    10 |    43 ||    66
       Skin              |       |       |     1 ||     1
Dodge: Dodged            |    49 |    41 |   180 ||   270
